 Dungeon Crawl Stone Soup version 0.17-a0-2231-gd80ca38 (webtiles) character file.

25295 Raultor the Cleaver (level 12, -3/172 HPs)
             Began as a Minotaur Fighter on Oct 28, 2015.
             Was a High Priest of Trog.
             Slain by a death yak (4 damage)
             ... on level 4 of the Lair of Beasts on Oct 29, 2015.
             The game lasted 01:11:49 (13260 turns).

Raultor the Cleaver (Minotaur Fighter)             Turns: 13260, Time: 01:11:49

Health: -3/172     AC: 27    Str: 28    XL:     12   Next: 88%
Magic:  23/23      EV:  9    Int: 12    God:    Trog [*****.]
Gold:   1034       SH:  0    Dex: 13    Spells: 0 memorised, 11 levels left

rFire  . . .     SeeInvis .     a - +0 battleaxe
rCold  . . .     Clarity  +     R - +0 plate armour
rNeg   . . .     SustAt   .     (no shield)
rPois  .         Gourm    .     r - +3 hat of Pondering {ponderous, MR+ MP+10 Int+5}
rElec  .         Spirit   .     o - +1 cloak
rCorr  .         Warding  .     (no gloves)
rMut   .         Stasis   .     b - +0 pair of boots
MR     +....                    H - amulet of clarity
Stlth  ..........               X - +5 ring of protection
                                m - +2 ring of slaying

@: berserking, very quick, somewhat resistant to hostile enchantments, extremely
unstealthy
A: retaliatory headbutt, horns 2, clever 1
a: Berserk, Trog's Hand, Brothers in Arms, Burn Spellbooks, Renounce Religion


You were on level 4 of the Lair of Beasts.
You worshipped Trog.
Trog was extremely pleased with you.
You were not hungry.

You visited 3 branches of the dungeon, and saw 15 of its levels.
You also visited: Ossuary.

You collected 1121 gold pieces.
You spent 87 gold pieces at shops.

Inventory:

Hand Weapons
 a - a +0 battleaxe (weapon)
Missiles
 i - 6 tomahawks of returning (quivered)
 U - 3 throwing nets
Armour
 b - a +0 pair of boots (worn)
 c - a +0 shield
 o - a +1 cloak (worn)
 r - the +3 hat of Pondering (worn) {ponderous, MR+ MP+10 Int+5}
   (You took it off Gastronok on level 1 of the Lair of Beasts)

   It affects your intelligence (+5).
   It affects your resistance to hostile enchantments.
   It affects your magic capacity (+10).
 R - a +0 plate armour (worn)
Jewellery
 g - an uncursed ring of sustain attributes
 m - a +2 ring of slaying (left hand)
 p - an uncursed ring of ice
 H - an amulet of clarity (around neck)
 L - an uncursed ring of teleportation
 P - a +3 ring of evasion
 X - a +5 ring of protection (right hand)
Wands
 f - a wand of invisibility (7)
 x - a wand of paralysis (16)
 M - a wand of fire (14)
Scrolls
 k - 11 scrolls of identify
 l - 2 scrolls of magic mapping
 v - 2 scrolls of fear {unknown}
 y - 3 scrolls of random uselessness {unknown}
 D - 2 scrolls of teleportation
 E - a scroll of recharging
 G - 3 scrolls of blinking {unknown}
 J - 2 scrolls of enchant armour {unknown}
 K - a scroll of enchant weapon {unknown}
 N - 5 scrolls of amnesia {unknown}
 W - a scroll of remove curse
 Y - a scroll of summoning {unknown}
Potions
 d - a potion of might
 h - a potion of ambrosia {unknown}
 q - 2 potions of heal wounds
 t - a potion of flight
 u - a potion of lignification {unknown}
 A - 2 potions of berserk rage
 B - 2 potions of haste {unknown}
 C - 6 potions of curing
 F - a potion of resistance
 I - 2 potions of brilliance {unknown}
 Q - 2 potions of cure mutation {unknown}
 S - a potion of degeneration {unknown}
Comestibles
 e - 14 bread rations
 j - 11 fruits
 z - 5 meat rations
 V - 12 beef jerkies


   Skills:
 + Level 13.2 Fighting
 - Level 14.8 Axes
 + Level 6.3 Throwing
 + Level 12.4 Armour
 - Level 2.1 Dodging
 + Level 8.1 Shields
 - Level 0.2 Unarmed Combat
 * Level 3.0 Evocations


You had 11 spell levels left.
You didn't know any spells.

Dungeon Overview and Level Annotations

Branches:
Dungeon (10/15)            Temple (1/1) D:4            Lair (4/8) D:9
  Swamp (0/4) Lair:3
  Snake: Lair:3-6    Spider: Lair:3-6       Orc: D:9-12

Altars:
Ashenzari
Cheibriados
Dithmenos
Elyvilon
Fedhas
Gozag
Kikubaaqudgha
Makhleb
Nemelex Xobeh
Okawaru
Qazlal
Ru
Sif Muna
Trog
Vehumet
Xom
Yredelemnul
Zin
The Shining One

Shops:
D:8 (


Innate Abilities, Weirdness & Mutations

You reflexively headbutt those who attack you in melee.
You have a pair of horns on your head.
Your mind is acute. (Int +2)


Message History

The death yak is heavily wounded.
The death yak gores you!!
* * * LOW HITPOINT WARNING * * *
You slice the death yak!! You headbutt the death yak.
The death yak is heavily wounded.
You slice the death yak!!
The death yak is almost dead.
You slice the death yak!!
The death yak is severely wounded.
The death yak gores you but does no damage.
You slice the death yak!! You headbutt the death yak!
The death yak is severely wounded.
You slash the death yak!
The death yak is severely wounded.
You slash the death yak!
The death yak is almost dead.
The death yak gores you!
* * * LOW HITPOINT WARNING * * *
The death yak gores you.
You die...

♣............/.......
PP♣♣............###..##
≈.P............#.#.#.##
PP♣....................
P ♣♣.##..♣♣.♣♣.........
♣###.#.#P.♣♣♣.......#
♣.......P.P.♣♣.......
♣...#.###♣♣..P♣♣.##>P.
♣....#@# P♣♣♣#....
......YYY..♣ .)......
.##..(YY....♣ ♣♣##PP..
....(........# #.#.PPP.
?..............
....PP..
..(..##.#......
.P#...## .(...
........P .PP.....
#.... ..P.PP...
P.P..P.. .PPPP...


You could see 5 death yaks.

Vanquished Creatures
  Gastronok (Lair:1)
  2 hydras (Lair:4)
  The ghost of Rayvis the Cleaver, a novice DsFi of Makhleb (D:9)
  An oklob plant (Lair:2)
  5 elephants
  Maurice (D:8)
  A torpor snail (Lair:3)
  2 spiny frogs
  A black mamba (Lair:3)
  A fire drake (Lair:3)
  3 komodo dragons
  Grinder (D:5)
  2 trolls
  7 blink frogs
  2 wyverns (Lair:4)
  A basilisk (Lair:3)
  51 yaks
  3 hippogriffs
  A soldier ant (D:8)
  8 water moccasins
  A black bear (D:7)
  5 ice beasts
  7 porcupines
  A sky beast (D:5)
  2 wasps (D:9)
  3 orc warriors
  3 ogres
  A phantom (D:4)
  2 centaurs (D:9)
  10 crocodiles
  7 giant frogs
  6 scorpions
  A water moccasin skeleton (D:9)
  6 killer bees (D:8)
  3 crimson imps
  5 human zombies (Ossuary)
  6 iguanas
  3 jellies (D:8)
  4 giant frog skeletons
  A wasp zombie (D:6)
  2 hounds
  6 centaur zombies
  An orc priest (D:9)
  A centaur skeleton (D:6)
  An orc wizard (D:9)
  7 worker ants
  2 killer bee zombies (D:9)
  8 sheep
  3 big kobold zombies (Ossuary)
  A hound zombie (D:5)
  2 hound skeletons
  2 mummies (Ossuary)
  4 gnolls (D:4)
  A scorpion zombie (Ossuary)
  43 river rats
  2 shadow imps
  10 adders
  An adder skeleton (D:6)
  3 worms
  5 giant geckos
  15 orcs
  5 giant cockroaches
  A gnoll zombie (Ossuary)
  4 hobgoblins
  8 jackals
  3 quokkas
  6 bats
  5 giant newts
  6 goblins
  2 goblin zombies (Ossuary)
  A hobgoblin zombie (Ossuary)
  A jackal zombie (D:5)
  6 kobolds
  A kobold zombie (Ossuary)
  2 orc zombies (Ossuary)
  6 rats
  4 fungi
  A plant (Lair:1)
354 creatures vanquished.

Vanquished Creatures (others)
  A mummy (Ossuary)
  2 fungi (Lair:2)
  4 plants (Lair:2)
7 creatures vanquished.

Grand Total: 361 creatures vanquished

Notes
Turn   | Place    | Note
--------------------------------------------------------------
     0 | D:1      | Raultor the Minotaur Fighter began the quest for the Orb.
     0 | D:1      | Reached XP level 1. HP: 19/19 MP: 0/0
   362 | D:1      | Reached XP level 2. HP: 27/27 MP: 1/1
   697 | D:2      | Found a faded altar to an unknown god.
  1091 | D:2      | Reached skill level 4 in Armour
  1422 | D:3      | Reached XP level 3. HP: 29/33 MP: 2/2
  1894 | D:3      | Reached XP level 4. HP: 38/40 MP: 3/3
  1903 | D:3      | Found an ancient bone altar of Kikubaaqudgha.
  2069 | D:4      | Found a staircase to the Ecumenical Temple.
  2076 | D:4      | Reached skill level 1 in Dodging
  2076 | D:4      | Reached XP level 5. HP: 27/47 MP: 4/4
  2109 | Temple   | Entered the Ecumenical Temple
  2190 | Temple   | Became a worshipper of Trog the Wrathful
  2228 | D:4      | Found a stormy altar of Qazlal.
  2363 | D:4      | Reached skill level 5 in Armour
  2410 | D:4      | Reached XP level 6. HP: 21/53 MP: 5/5
  2814 | D:4      | Noticed a phantom
  2837 | D:4      | Killed a phantom
  2837 | D:4      | Reached skill level 5 in Axes
  2837 | D:4      | Reached skill level 5 in Shields
  2930 | D:5      | Entered Level 5 of the Dungeon
  3009 | D:5      | Reached skill level 5 in Fighting
  3036 | D:5      | Reached skill level 1 in Throwing
  3036 | D:5      | Reached XP level 7. HP: 29/61 MP: 6/6
  3087 | D:5      | Noticed Grinder
  3100 | D:5      | Paralysed by Grinder for 4 turns
  3106 | D:5      | Killed Grinder
  3106 | D:5      | Reached skill level 6 in Armour
  3384 | D:5      | Found a sand-covered staircase.
  3404 | Ossuary  | Entered an ossuary
  3454 | Ossuary  | Reached XP level 8. HP: 45/69 MP: 7/7
  3888 | Ossuary  | Reached skill level 7 in Armour
  4697 | D:6      | Reached * piety under Trog
  4801 | D:6      | Found a deep blue altar of Sif Muna.
  4801 | D:6      | Found a shattered altar of Ashenzari.
  5642 | D:7      | Reached skill level 8 in Axes
  5642 | D:7      | Reached XP level 9. HP: 69/78 MP: 8/8
  6479 | D:7      | Lost intelligence.
  6554 | D:7      | Gained mutation: Your mind is acute. (Int +2) [potion of beneficial mutation]
  6715 | D:8      | Reached skill level 9 in Axes
  7133 | D:8      | Found Gasias's Antique Weapon Emporium.
  7141 | D:8      | Bought a glowing hand crossbow for 87 gold pieces
  7212 | D:8      | Noticed Maurice
  7416 | D:8      | Reached ** piety under Trog
  7555 | D:8      | Killed Maurice
  8003 | D:9      | Reached XP level 10. HP: 89/89 MP: 9/9
  8051 | D:9      | Reached skill level 10 in Axes
  8106 | D:9      | Found a staircase to the Lair.
  8106 | D:9      | Noticed an elephant
  8124 | D:9      | Killed an elephant
  8175 | D:9      | Reached skill level 10 in Armour
  8226 | D:9      | Noticed Rayvis's ghost (novice DsFi)
  8237 | D:9      | Killed Rayvis's ghost
  8288 | D:9      | Found an iron altar of Okawaru.
  8289 | D:9      | Found a burning altar of Makhleb.
  8290 | D:9      | Found a blossoming altar of Fedhas.
  8331 | D:9      | Reached skill level 11 in Axes
  8436 | D:9      | Reached skill level 10 in Fighting
  8644 | D:9      | Reached XP level 11. HP: 19/100 MP: 10/10
  9150 | D:9      | Reached skill level 12 in Axes
  9183 | D:9      | Reached *** piety under Trog
  9478 | D:10     | Entered Level 10 of the Dungeon
  9530 | Lair:1   | Entered Level 1 of the Lair of Beasts
  9865 | Lair:1   | Noticed Gastronok
  9904 | Lair:1   | Killed Gastronok
 10915 | Lair:1   | Reached skill level 5 in Throwing
 11042 | Lair:1   | Reached skill level 13 in Axes
 11172 | Lair:2   | Reached **** piety under Trog
 11670 | Lair:2   | Reached ***** piety under Trog
 11678 | Lair:2   | Reached XP level 12. HP: 109/112 MP: 11/11
 11697 | Lair:2   | Reached skill level 14 in Axes
 12053 | Lair:3   | Found a staircase to the Swamp.
 12095 | Lair:3   | Received a gift from Trog
 12765 | Lair:3   | Reached skill level 1 in Evocations
 13169 | Lair:4   | Noticed a seven-headed hydra
 13173 | Lair:4   | Upgraded the game from 0.17-a0-2220-g6fea741 to 0.17-a0-2231-gd80ca38
 13178 | Lair:4   | Killed a seven-headed hydra
 13243 | Lair:4   | Noticed a six-headed hydra
 13251 | Lair:4   | Killed a six-headed hydra
 13260 | Lair:4   | HP: 1/172 [death yak (17)]
 13260 | Lair:4   | Slain by a death yak

Vault maps used:
D:1:      lemuel_arrival_room
D:2:      ecumenical_altar_2
D:3:      kiku_gazebo_garden_becter
D:4:      nicolae_overflow_crystal_walls, minmay_temple_entry_statues
D:5:      first_bread, enter_ossuary_3, minmay_misc_feat_five, uniq_grinder
D:6:      amethyst_overflow_temple_binary
D:7:      grunt_ogre_cave, minmay_gold_behind_fungi
D:8:      serial_shops, shop, uniq_maurice
D:9:      minitemple, david_lair_generic
D:10:     uniq_nergalle, uniq_fannar
Temple:   circular_temple_pool_12
Lair:1:   uniq_gastronok
Lair:2:   minmay_lair_oklob_items, grunt_megastairs_2, serial_bayou_shore_a,
          infiniplex_staircase_pool
Lair:3:   swamp_mist, beast_lair_carwin_10
Lair:4:   serial_forest, infiniplex_forest_corner_1,
          infiniplex_forest_clump_curved, infiniplex_forest_straight_3,
          infiniplex_forest_corner_2, infiniplex_forest_pool,
          infiniplex_forest_straight_3, infiniplex_forest_zigzag_1,
          infiniplex_forest_straight_2, beast_lair_carwin_4
Ossuary:  ossuary_minmay_scorpions

Action                   |  1- 3 |  4- 6 |  7- 9 | 10-12 || total
-------------------------+-------+-------+-------+-------++-------
Melee: War axe           |   119 |   136 |   202 |       ||   457
       Battleaxe         |       |       |   102 |   509 ||   611
       Unarmed           |       |       |    18 |    10 ||    28
       Trident           |       |       |       |     8 ||     8
Throw: Tomahawk          |       |    11 |    32 |    42 ||    85
       Throwing net      |       |       |     1 |       ||     1
       Javelin           |       |       |       |    14 ||    14
Invok: Burn Spellbooks   |       |       |     1 |     1 ||     2
       Berserk           |       |       |       |     6 ||     6
  Use: Scroll            |       |       |     7 |     4 ||    11
       Potion            |       |       |     6 |     1 ||     7
  Eat: Chunk             |     3 |     4 |     8 |    18 ||    33
       Royal jelly       |       |       |     1 |       ||     1
       Beef jerky        |       |       |     1 |       ||     1
       Meat ration       |       |       |     1 |       ||     1
       Pizza             |       |       |       |     4 ||     4
